 Dungeon Crawl Stone Soup version 0.28-a0-1128-gb845255321 (webtiles) character file.

Game seed: 8974148680693586157

378 Peloso the Slasher (level 6, -5/53 HPs)
             Began as a Minotaur Fighter on Dec 12, 2021.
             Slain by a kobold brigand (7 damage)
             ... in a sewer.
             The game lasted 00:04:39 (1844 turns).

Peloso the Slasher (Minotaur Fighter)               Turns: 1844, Time: 00:04:40

Health: -5/53      AC:  7    Str: 20    XL:     6   Next: 45%
Magic:  5/5        EV: 10    Int:  5    God:
Gold:   50         SH:  5    Dex: 12    Spells: 5/5 levels left

rFire   . . .      SeeInvis .   a - +0 long sword
rCold   . . .      Faith    .   c - +0 buckler
rNeg    . . .      Spirit   .   b - +0 scale mail
rPois   .          Reflect  .   (helmet restricted)
rElec   .          Harm     .   (no cloak)
rCorr   .          Rampage  .   (no gloves)
Will    .....                   (no boots)
Stlth   ..........              (no amulet)
HPRegen 0.17/turn               (no ring)
MPRegen 0.09/turn               (no ring)

@: no status effects
A: horns 2, retaliatory headbutt
a: no special abilities


You were in a sewer.
You visited 1 branch of the dungeon, and saw 3 of its levels.
You also visited: Sewer.

You collected 50 gold pieces.

Inventory:

Hand Weapons
 a - a +0 long sword (weapon)
Armour
 b - a +0 scale mail (worn)
 c - a +0 buckler (worn)
Jewellery
 h - a ring of ice
 k - a +6 ring of intelligence
Scrolls
 e - 2 scrolls of identify {unknown}
 f - a scroll of silence {unknown}
 j - a scroll of enchant weapon {unknown}
 l - 2 scrolls of magic mapping {unknown}
 m - a scroll of acquirement {unknown}
 q - a scroll of brand weapon {unknown}
Potions
 d - a potion of might
 g - 2 potions of haste
 n - a potion of ambrosia {unknown}
 o - a potion of attraction {unknown}
 p - a potion of heal wounds {unknown}


   Skills:
 + Level 4.6 Fighting
 + Level 5.7 Long Blades
 + Level 5.6 Armour
 + Level 1.2 Dodging
 + Level 0.2 Stealth
 + Level 4.3 Shields


You had 5 spell levels left.
You didn't know any spells.
Your spell library contained the following spells:

 Spells                   Type           Power      Damage    Failure   Level
 Passwall                 Tmut/Erth      0%         N/A       91%         2
 Swiftness                Air            0%         N/A       99%         3


Dungeon Overview and Level Annotations

Branches:
Dungeon (3/15)              Sewer (1/1)

Altars:
Makhleb


Innate Abilities, Weirdness & Mutations

You have a pair of horns on your head.
You reflexively headbutt those who attack you in melee.


Message History

You kill the kobold brigand!
You feel yourself speed up.
The kobold brigand completely misses you.
Unknown command.
You barely miss the kobold brigand. The kobold brigand barely misses you.
Unknown command.
You slash the kobold brigand!
The kobold brigand is moderately wounded.
The kobold brigand closely misses you. The kobold brigand barely misses you.
Unknown command.
You closely miss the kobold brigand.
Your headbutt misses the kobold brigand.
The kobold brigand is moderately wounded.
The kobold brigand barely misses you.
Unknown command.
You barely miss the kobold brigand.
The kobold brigand is moderately wounded.
You block the kobold brigand's attack.
Unknown command.
You closely miss the kobold brigand.
Your headbutt misses the kobold brigand.
The kobold brigand is moderately wounded.
The kobold brigand hits you with a +0 dagger.
* * * LOW HITPOINT WARNING * * *
Unknown command.
You hit the kobold brigand.
The kobold brigand is moderately wounded.
You block the kobold brigand's attack.
Unknown command.
You barely miss the kobold brigand.
The kobold brigand is moderately wounded.
The kobold brigand hits you but does no damage.
You hit the kobold brigand.
The kobold brigand is heavily wounded.
The kobold brigand hits you with a +0 dagger!
* * * LOW HITPOINT WARNING * * *
You hit the kobold brigand but do no damage.
The kobold brigand is heavily wounded.
The kobold brigand hits you with a +0 dagger!
You die...

##### ##### ##.≈.##
##≈..##
#####.....#####.≈≈.≈#
......K@≈.≈)≈≈≈.....#
.####..)..#####..≈..#
##...## ##..≈## ##≈##
##≈## #≈# #≈# #≈# #≈#
#≈# ##≈## ... ##≈≈.##
# ####..≈∩≈####


You could see a kobold brigand.

Vanquished Creatures
  3 kobold brigands (Sewer)
  2 orc priests (D:3)
  3 adders
  2 river rats
  2 worms
  2 dart slugs (D:2)
  2 orcs (D:3)
  5 bats
  8 endoplasms
  4 giant cockroaches
  A goblin (D:1)
  A hobgoblin (D:1)
  3 jackals (D:1)
  6 kobolds
  2 quokkas
  9 ball pythons
  3 frilled lizards
  7 rats
65 creatures vanquished.

Notes
Turn   | Place    | Note
-------+----------+-------------------------------------------
     0 | D:1      | Peloso the Minotaur Fighter began the quest for the Orb.
     0 | D:1      | Reached XP level 1. HP: 19/19 MP: 0/0
   274 | D:1      | Reached XP level 2. HP: 27/27 MP: 1/1
   296 | D:1      | You fall into a shaft and drop 1 floor!
   308 | D:2      | Found a burning altar of Makhleb.
   646 | D:2      | Reached XP level 3. HP: 29/33 MP: 2/2
  1078 | D:1      | Found a faded altar of an unknown god.
  1363 | D:3      | Reached XP level 4. HP: 31/40 MP: 3/3
  1411 | D:3      | Found a glowing drain.
  1433 | D:3      | Reached XP level 5. HP: 28/46 MP: 4/4
  1444 | Sewer    | Entered a sewer
  1657 | Sewer    | Reached skill level 5 in Long Blades
  1657 | Sewer    | Reached skill level 5 in Armour
  1664 | Sewer    | Reached skill level 1 in Dodging
  1664 | Sewer    | Reached XP level 6. HP: 39/53 MP: 5/5
  1843 | Sewer    | HP: 1/53 [kobold brigand (7)]
  1844 | Sewer    | Slain by a kobold brigand

Illustrated notes

Levels and vault maps discovered:
D:1:      lightli_arrival_statuegarden, layout_rooms,
          hellmonk_ecumenical_altar_lost_god
D:2:      layout_rooms, basic_altar, amethyst_killhole
D:3:      layout_loops_corners, portal_sewer_entry_b, uniq_jessica
Sewer:    sewer_co_15_rooms

Skill      XL: |  1  2  3  4  5 |
---------------+----------------+-----
Armour         | 4 5 |  5.6
Fighting       | 4 |  4.6
Shields        | 4 |  4.3
Long Blades    | 4 5 |  5.7
Dodging        | 1 |  1.2
Stealth        | |  0.2

Action                   |  1- 3 |  4- 6 || total
-------------------------+-------+-------++-------
Melee: Long sword        |    75 |    75 ||   150
       Headbutt          |     7 |    12 ||    19
  Use: Potion            |       |     1 ||     1
Armor: Scale mail        |    48 |    28 ||    76
Dodge: Dodged            |    47 |    35 ||    82
Block: Buckler           |    14 |    16 ||    30

Table legend: (Time is in decaauts)
 A = Elapsed time spent in this place.
 B = Non-inter-level travel time spent in this place.
 C = Inter-level travel time spent in this place.
 D = Time resting spent in this place.
 E = Time spent auto-exploring this place.
 F = Levels seen in this place.
 G = Mean time per level.
                   A        B        C        D        E       F      G
               +--------+--------+--------+--------+--------+-----+--------+
         Total |   1926 |   1860 |     66 |      0 |   1317 |   4 |  481.5 |
       Dungeon |   1470 |   1404 |     66 |      0 |   1009 |   3 |  490.0 |
         Sewer |    455 |    455 |      0 |      0 |    308 |   1 |  455.0 |
               +--------+--------+--------+--------+--------+-----+--------+

Top non-repeatable levels by time:
     D:1: 826 daAuts
     D:2: 539 daAuts
   Sewer: 455 daAuts
     D:3: 104 daAuts
